 Dungeon Crawl Stone Soup version 0.31-a0-216-g22e908daa7 (webtiles) character file.

Game seed: 14108915392732995362

179 qw the Shooter (level 5, 0/45 HPs)
             Began as a Minotaur Hexslinger on July 1, 2023.
             Slain by Ijyb
             ... wielding a +6 club
              (7 damage)
             ... on level 3 of the Dungeon.
             The game lasted 00:02:01 (2217 turns).

qw the Shooter (Minotaur Hexslinger)                Turns: 2217, Time: 00:02:02

Health: 0/45       AC:  5    Str: 12    XL:     5   Next: 32%
Magic:  5/5        EV: 11    Int: 10    God:
Gold:   103        SH:  0    Dex: 15    Spells: 5/6 levels left

rFire   . . .        Y - +3 sling
rCold   . . .        (no shield)
rNeg    . . .        h - +0 ring mail
rPois   .            (helmet restricted)
rElec   .            (no cloak)
rCorr   .            (no gloves)
SInv    .            (no boots)
Will    +....        (no amulet)
Stlth   +            a - ring of willpower
HPRegen 0.27/turn    (no ring)
MPRegen 0.09/turn

%: no passive effects
@: no status effects
A: horns 2, retaliatory headbutt
a: no special abilities


You were on level 3 of the Dungeon.
You visited 1 branch of the dungeon, and saw 4 of its levels.

You collected 103 gold pieces.


Innate Abilities, Weirdness & Mutations

You have a pair of horns on your head.
You reflexively headbutt those who attack you in melee.


   Skills:
 - Level 3.4 Fighting
 + Level 5.1 Ranged Weapons
 - Level 1.2 Armour
 - Level 2.1 Dodging
 - Level 1.0 Spellcasting
 - Level 2.0 Hexes


You had 5 spell levels left.
You knew the following spells:

 Your Spells              Type           Power      Damage    Failure   Level
a - Slow                  Hex            16%        N/A       34%         1

Your spell library contained the following spells:

 Spells                   Type           Power      Damage    Failure   Level
 Inner Flame              Hex/Fire       2%         N/A       83%         3
 Portal Projectile        Hex/Tloc       4%         N/A       83%         3
 Cause Fear               Hex            2%         N/A       98%         4

Inventory:

Hand Weapons
 Y - a +3 sling (weapon)
Armour
 h - a +0 ring mail (worn)
Jewellery
 a - a ring of willpower (left hand)
 c - an amulet of reflection
Scrolls
 f - 2 scrolls of enchant armour
 g - a scroll of identify
Potions
 b - a potion of curing {unknown}
 d - a potion of brilliance {unknown}
 e - a potion of lignification {unknown}
 i - 2 potions of mutation {unknown}
 j - a potion of magic {unknown}
 k - a potion of heal wounds {unknown}

Dungeon Overview and Level Annotations

Branches:
Dungeon (4/15)
 Temple: D:4-7

Altars:

Annotations:
D:3 Ijyb


Message History

You shoot a sling bullet. The goblin shouts!
The sling bullet hits the goblin.
You kill the goblin!
You hear a shout!
A goblin comes into view. It is wielding a +0 club. x2
You shoot a sling bullet. The goblin shouts!
The sling bullet hits the goblin.
The goblin is severely wounded.
Ijyb the Twisted Goblin comes into view.
She is wielding a +6 club and carrying a wand of polymorph (9).
You shoot a sling bullet.
The sling bullet barely misses the goblin.
Ijyb shouts!
The sling bullet hits the goblin!
You kill the goblin!
You shoot a sling bullet. The sling bullet hits the goblin.
You kill the goblin!
You shoot a sling bullet.
The sling bullet barely misses the goblin.
Ijyb grins evilly.
You shoot a sling bullet.
The sling bullet closely misses the goblin.
The goblin barely misses you. The goblin hits you with a +0 club.
You shoot a sling bullet.
The sling bullet closely misses the goblin.
The goblin hits you with a +0 club. The goblin barely misses you.
You shoot a sling bullet. The sling bullet hits the goblin.
You kill the goblin!
The goblin hits you but does no damage.
You are electrocuted!
Ijyb screams, "Me kill you!"
You shoot a sling bullet. The sling bullet hits Ijyb.
Ijyb is lightly wounded.
The goblin hits you but does no damage. Ijyb hits you with a +6 club.
You shoot a sling bullet. The sling bullet hits Ijyb.
Ijyb is lightly wounded.
The goblin hits you but does no damage.
You are electrocuted!
Ijyb barely misses you. The goblin barely misses you.
Ijyb hits you with a +6 club!
You die...

....8.8$8
#......).
#........
#........
#........
#.g..)...
#gg)8.8.8 #@# #.#
#.# #.# #.# #.#
###############.#
#...............#
#.###############


You could see Ijyb and 2 goblins.

Vanquished Creatures
  Natasha (twice) (D:2)
  7 adders
  A dart slug (D:2)
  A worm (D:2)
  6 ball pythons
  4 bats
  7 endoplasms
  3 giant cockroaches
  11 goblins
  7 hobgoblins
  A quokka (D:4)
  4 kobolds
  9 rats
63 creatures vanquished.

Notes
Turn   | Place    | Note
-------+----------+-------------------------------------------
     0 | D:1      | qw the Minotaur Hexslinger began the quest for the Orb.
     0 | D:1      | Reached XP level 1. HP: 16/16 MP: 1/1
     0 | D:1      | 0 ||| qw: Version: 0.3-a-35-g05ef00e
     0 | D:1      | 0 ||| qw: Game counter: 7733
     0 | D:1      | 0 ||| qw: Melee chars always use a shield: true
     0 | D:1      | 0 ||| qw: God list: Okawaru
     0 | D:1      | 0 ||| qw: Allow faded altars: false
     0 | D:1      | 0 ||| qw: Do Orc after clearing Dungeon:15 true
     0 | D:1      | 0 ||| qw: Do second Lair branch before Depths: true
     0 | D:1      | 0 ||| qw: Lair rune preference: random
     0 | D:1      | 0 ||| qw: Goals: Normal
     0 | D:1      | 0 ||| PLANNING D:1-11
   440 | D:1      | Reached skill level 3 in Ranged Weapons
   440 | D:1      | Reached XP level 2. HP: 22/23 MP: 2/2
   637 | D:1      | 637 ||| UPGRADING to +0 ring mail.
   647 | D:1      | 647 ||| DROPPING +0 robe.
   648 | D:1      | 648 ||| READING scroll labelled DIETUI BYDOSUKH.
   649 | D:1      | 649 ||| READING scroll labelled MAGANG RUUSICW.
   650 | D:1      | 650 ||| READING scroll labelled SUSECS UXAN.
   651 | D:1      | 651 ||| READING 2 scrolls labelled WUAGAUGROS.
   652 | D:1      | 652 ||| READING scroll labelled BOCHEGALAICUV.
   653 | D:1      | 653 ||| READING scroll labelled DAAXEU DERR.
   654 | D:1      | 654 ||| DROPPING scroll of poison.
   836 | D:2      | Reached XP level 3. HP: 29/29 MP: 3/3
   903 | D:2      | You fall into a shaft and drop 2 floors!
   928 | D:4      | Reached skill level 4 in Ranged Weapons
  1032 | D:4      | Reached skill level 1 in Armour
  1034 | D:4      | Reached XP level 4. HP: 30/36 MP: 4/4
  1082 | D:4      | 1082 ||| READING scroll of enchant weapon.
  1082 | D:4      | 1082 ||| ENCHANTING +2 sling.
  1099 | D:4      | 1099 ||| UPGRADING to ring of willpower.
  1100 | D:4      | 1100 ||| READING scroll labelled ILIAM NUNGU.
  1105 | D:4      | 1105 ||| READING 3 scrolls labelled UBUBRA XOAVVIG.
  1106 | D:4      | 1106 ||| Stepping randomly (stuck).
  1107 | D:4      | 1107 ||| Stepping randomly (stuck).
  1108 | D:4      | 1108 ||| Stepping randomly (stuck).
  1109 | D:4      | 1109 ||| Stepping randomly (stuck).
  1110 | D:4      | 1110 ||| Stepping randomly (stuck).
  1112 | D:4      | 1112 ||| Stepping randomly (stuck).
  1113 | D:4      | 1113 ||| Stepping randomly (stuck).
  1114 | D:4      | 1114 ||| Stepping randomly (stuck).
  1115 | D:4      | 1115 ||| Stepping randomly (stuck).
  1116 | D:4      | 1116 ||| Stepping randomly (stuck).
  1117 | D:4      | 1117 ||| Stepping randomly (stuck).
  1118 | D:4      | 1118 ||| Stepping randomly (stuck).
  1119 | D:4      | 1119 ||| Stepping randomly (stuck).
  1120 | D:4      | 1120 ||| Stepping randomly (stuck).
  1121 | D:4      | 1121 ||| Stepping randomly (stuck).
  1122 | D:4      | 1122 ||| Stepping randomly (stuck).
  1123 | D:4      | 1123 ||| Stepping randomly (stuck).
  1124 | D:4      | 1124 ||| Stepping randomly (stuck).
  1125 | D:4      | 1125 ||| Stepping randomly (stuck).
  1126 | D:4      | 1126 ||| Stepping randomly (stuck).
  1127 | D:4      | 1127 ||| Stepping randomly (stuck).
  1128 | D:4      | 1128 ||| Stepping randomly (stuck).
  1129 | D:4      | 1129 ||| Stepping randomly (stuck).
  1130 | D:4      | 1130 ||| Stepping randomly (stuck).
  1131 | D:4      | 1131 ||| Stepping randomly (stuck).
  1132 | D:4      | 1132 ||| Stepping randomly (stuck).
  1133 | D:4      | 1133 ||| Stepping randomly (stuck).
  1134 | D:4      | 1134 ||| Stepping randomly (stuck).
  1135 | D:4      | 1135 ||| Stepping randomly (stuck).
  1136 | D:4      | 1136 ||| Stepping randomly (stuck).
  1137 | D:4      | 1137 ||| Stepping randomly (stuck).
  1138 | D:4      | 1138 ||| Stepping randomly (stuck).
  1139 | D:4      | 1139 ||| Stepping randomly (stuck).
  1140 | D:4      | 1140 ||| Stepping randomly (stuck).
  1141 | D:4      | 1141 ||| Stepping randomly (stuck).
  1142 | D:4      | 1142 ||| Stepping randomly (stuck).
  1143 | D:4      | 1143 ||| Stepping randomly (stuck).
  1144 | D:4      | 1144 ||| Stepping randomly (stuck).
  1145 | D:4      | 1145 ||| Stepping randomly (stuck).
  1146 | D:4      | 1146 ||| Stepping randomly (stuck).
  1147 | D:4      | 1147 ||| Stepping randomly (stuck).
  1148 | D:4      | 1148 ||| Stepping randomly (stuck).
  1149 | D:4      | 1149 ||| Stepping randomly (stuck).
  1150 | D:4      | 1150 ||| Stepping randomly (stuck).
  1151 | D:4      | 1151 ||| Stepping randomly (stuck).
  1152 | D:4      | 1152 ||| Stepping randomly (stuck).
  1153 | D:4      | 1153 ||| Stepping randomly (stuck).
  1154 | D:4      | 1154 ||| Stepping randomly (stuck).
  1155 | D:4      | 1155 ||| Stepping randomly (stuck).
  1156 | D:4      | 1156 ||| Stepping randomly (stuck).
  1157 | D:4      | 1157 ||| Stepping randomly (stuck).
  1158 | D:4      | 1158 ||| Stepping randomly (stuck).
  1159 | D:4      | 1159 ||| Stepping randomly (stuck).
  1160 | D:4      | 1160 ||| Stepping randomly (stuck).
  1161 | D:4      | 1161 ||| Stepping randomly (stuck).
  1162 | D:4      | 1162 ||| Stepping randomly (stuck).
  1163 | D:4      | 1163 ||| Stepping randomly (stuck).
  1164 | D:4      | 1164 ||| Stepping randomly (stuck).
  1165 | D:4      | 1165 ||| Stepping randomly (stuck).
  1166 | D:4      | 1166 ||| Stepping randomly (stuck).
  1167 | D:4      | 1167 ||| Stepping randomly (stuck).
  1168 | D:4      | 1168 ||| Stepping randomly (stuck).
  1169 | D:4      | 1169 ||| Stepping randomly (stuck).
  1170 | D:4      | 1170 ||| Stepping randomly (stuck).
  1171 | D:4      | 1171 ||| Stepping randomly (stuck).
  1172 | D:4      | 1172 ||| Stepping randomly (stuck).
  1173 | D:4      | 1173 ||| Stepping randomly (stuck).
  1174 | D:4      | 1174 ||| Stepping randomly (stuck).
  1175 | D:4      | 1175 ||| Stepping randomly (stuck).
  1176 | D:4      | 1176 ||| Stepping randomly (stuck).
  1177 | D:4      | 1177 ||| Stepping randomly (stuck).
  1178 | D:4      | 1178 ||| Stepping randomly (stuck).
  1179 | D:4      | 1179 ||| Stepping randomly (stuck).
  1180 | D:4      | 1180 ||| Stepping randomly (stuck).
  1181 | D:4      | 1181 ||| Stepping randomly (stuck).
  1182 | D:4      | 1182 ||| Stepping randomly (stuck).
  1183 | D:4      | 1183 ||| Stepping randomly (stuck).
  1184 | D:4      | 1184 ||| Stepping randomly (stuck).
  1185 | D:4      | 1185 ||| Stepping randomly (stuck).
  1186 | D:4      | 1186 ||| Stepping randomly (stuck).
  1187 | D:4      | 1187 ||| Stepping randomly (stuck).
  1188 | D:4      | 1188 ||| Stepping randomly (stuck).
  1189 | D:4      | 1189 ||| Stepping randomly (stuck).
  1190 | D:4      | 1190 ||| Stepping randomly (stuck).
  1191 | D:4      | 1191 ||| Stepping randomly (stuck).
  1192 | D:4      | 1192 ||| Stepping randomly (stuck).
  1193 | D:4      | 1193 ||| Stepping randomly (stuck).
  1194 | D:4      | 1194 ||| Stepping randomly (stuck).
  1195 | D:4      | 1195 ||| Stepping randomly (stuck).
  1196 | D:4      | 1196 ||| Stepping randomly (stuck).
  1197 | D:4      | 1197 ||| Stepping randomly (stuck).
  1198 | D:4      | 1198 ||| Stepping randomly (stuck).
  1199 | D:4      | 1199 ||| Stepping randomly (stuck).
  1200 | D:4      | 1200 ||| Stepping randomly (stuck).
  1201 | D:4      | 1201 ||| Stepping randomly (stuck).
  1202 | D:4      | 1202 ||| Stepping randomly (stuck).
  1203 | D:4      | 1203 ||| Stepping randomly (stuck).
  1204 | D:4      | 1204 ||| Stepping randomly (stuck).
  1205 | D:4      | 1205 ||| Stepping randomly (stuck).
  1206 | D:4      | 1206 ||| Stepping randomly (stuck).
  1207 | D:4      | 1207 ||| Stepping randomly (stuck).
  1208 | D:4      | 1208 ||| Stepping randomly (stuck).
  1209 | D:4      | 1209 ||| Stepping randomly (stuck).
  1210 | D:4      | 1210 ||| Stepping randomly (stuck).
  1211 | D:4      | 1211 ||| Stepping randomly (stuck).
  1212 | D:4      | 1212 ||| Stepping randomly (stuck).
  1213 | D:4      | 1213 ||| Stepping randomly (stuck).
  1214 | D:4      | 1214 ||| Stepping randomly (stuck).
  1215 | D:4      | 1215 ||| Stepping randomly (stuck).
  1216 | D:4      | 1216 ||| Stepping randomly (stuck).
  1217 | D:4      | 1217 ||| Stepping randomly (stuck).
  1218 | D:4      | 1218 ||| Stepping randomly (stuck).
  1219 | D:4      | 1219 ||| Stepping randomly (stuck).
  1220 | D:4      | 1220 ||| Stepping randomly (stuck).
  1221 | D:4      | 1221 ||| Stepping randomly (stuck).
  1222 | D:4      | 1222 ||| Stepping randomly (stuck).
  1223 | D:4      | 1223 ||| Stepping randomly (stuck).
  1224 | D:4      | 1224 ||| Stepping randomly (stuck).
  1225 | D:4      | 1225 ||| Stepping randomly (stuck).
  1226 | D:4      | 1226 ||| Stepping randomly (stuck).
  1227 | D:4      | 1227 ||| Stepping randomly (stuck).
  1228 | D:4      | 1228 ||| Stepping randomly (stuck).
  1229 | D:4      | 1229 ||| Stepping randomly (stuck).
  1230 | D:4      | 1230 ||| Stepping randomly (stuck).
  1231 | D:4      | 1231 ||| Stepping randomly (stuck).
  1232 | D:4      | 1232 ||| Stepping randomly (stuck).
  1233 | D:4      | 1233 ||| Stepping randomly (stuck).
  1234 | D:4      | 1234 ||| Stepping randomly (stuck).
  1236 | D:4      | 1236 ||| Stepping randomly (stuck).
  1237 | D:4      | 1237 ||| Stepping randomly (stuck).
  1238 | D:4      | 1238 ||| Stepping randomly (stuck).
  1239 | D:4      | 1239 ||| Stepping randomly (stuck).
  1240 | D:4      | 1240 ||| Stepping randomly (stuck).
  1241 | D:4      | 1241 ||| Stepping randomly (stuck).
  1242 | D:4      | 1242 ||| Stepping randomly (stuck).
  1243 | D:4      | 1243 ||| Stepping randomly (stuck).
  1244 | D:4      | 1244 ||| Stepping randomly (stuck).
  1245 | D:4      | 1245 ||| Stepping randomly (stuck).
  1246 | D:4      | 1246 ||| Stepping randomly (stuck).
  1247 | D:4      | 1247 ||| Stepping randomly (stuck).
  1248 | D:4      | 1248 ||| Stepping randomly (stuck).
  1249 | D:4      | 1249 ||| Stepping randomly (stuck).
  1250 | D:4      | 1250 ||| Stepping randomly (stuck).
  1251 | D:4      | 1251 ||| Stepping randomly (stuck).
  1252 | D:4      | 1252 ||| Stepping randomly (stuck).
  1253 | D:4      | 1253 ||| Stepping randomly (stuck).
  1254 | D:4      | 1254 ||| Stepping randomly (stuck).
  1255 | D:4      | 1255 ||| Stepping randomly (stuck).
  1256 | D:4      | 1256 ||| Stepping randomly (stuck).
  1257 | D:4      | 1257 ||| Stepping randomly (stuck).
  1258 | D:4      | 1258 ||| Stepping randomly (stuck).
  1259 | D:4      | 1259 ||| Stepping randomly (stuck).
  1260 | D:4      | 1260 ||| Stepping randomly (stuck).
  1261 | D:4      | 1261 ||| Stepping randomly (stuck).
  1262 | D:4      | 1262 ||| Stepping randomly (stuck).
  1263 | D:4      | 1263 ||| Stepping randomly (stuck).
  1264 | D:4      | 1264 ||| Stepping randomly (stuck).
  1265 | D:4      | 1265 ||| Stepping randomly (stuck).
  1266 | D:4      | 1266 ||| Stepping randomly (stuck).
  1267 | D:4      | 1267 ||| Stepping randomly (stuck).
  1268 | D:4      | 1268 ||| Stepping randomly (stuck).
  1269 | D:4      | 1269 ||| Stepping randomly (stuck).
  1270 | D:4      | 1270 ||| Stepping randomly (stuck).
  1271 | D:4      | 1271 ||| Stepping randomly (stuck).
  1272 | D:4      | 1272 ||| Stepping randomly (stuck).
  1273 | D:4      | 1273 ||| Stepping randomly (stuck).
  1274 | D:4      | 1274 ||| Stepping randomly (stuck).
  1275 | D:4      | 1275 ||| Stepping randomly (stuck).
  1276 | D:4      | 1276 ||| Stepping randomly (stuck).
  1277 | D:4      | 1277 ||| Stepping randomly (stuck).
  1278 | D:4      | 1278 ||| Stepping randomly (stuck).
  1279 | D:4      | 1279 ||| Stepping randomly (stuck).
  1280 | D:4      | 1280 ||| Stepping randomly (stuck).
  1281 | D:4      | 1281 ||| Stepping randomly (stuck).
  1282 | D:4      | 1282 ||| Stepping randomly (stuck).
  1283 | D:4      | 1283 ||| Stepping randomly (stuck).
  1284 | D:4      | 1284 ||| Stepping randomly (stuck).
  1285 | D:4      | 1285 ||| Stepping randomly (stuck).
  1286 | D:4      | 1286 ||| Stepping randomly (stuck).
  1287 | D:4      | 1287 ||| Stepping randomly (stuck).
  1288 | D:4      | 1288 ||| Stepping randomly (stuck).
  1289 | D:4      | 1289 ||| Stepping randomly (stuck).
  1290 | D:4      | 1290 ||| Stepping randomly (stuck).
  1291 | D:4      | 1291 ||| Stepping randomly (stuck).
  1292 | D:4      | 1292 ||| Stepping randomly (stuck).
  1293 | D:4      | 1293 ||| Stepping randomly (stuck).
  1294 | D:4      | 1294 ||| Stepping randomly (stuck).
  1295 | D:4      | 1295 ||| Stepping randomly (stuck).
  1296 | D:4      | 1296 ||| Stepping randomly (stuck).
  1297 | D:4      | 1297 ||| Stepping randomly (stuck).
  1298 | D:4      | 1298 ||| Stepping randomly (stuck).
  1299 | D:4      | 1299 ||| Stepping randomly (stuck).
  1300 | D:4      | 1300 ||| Stepping randomly (stuck).
  1301 | D:4      | 1301 ||| Stepping randomly (stuck).
  1302 | D:4      | 1302 ||| Stepping randomly (stuck).
  1303 | D:4      | 1303 ||| Stepping randomly (stuck).
  1304 | D:4      | 1304 ||| Stepping randomly (stuck).
  1305 | D:4      | 1305 ||| Stepping randomly (stuck).
  1306 | D:4      | 1306 ||| Stepping randomly (stuck).
  1307 | D:4      | 1307 ||| Stepping randomly (stuck).
  1308 | D:4      | 1308 ||| Stepping randomly (stuck).
  1309 | D:4      | 1309 ||| Stepping randomly (stuck).
  1310 | D:4      | 1310 ||| Stepping randomly (stuck).
  1311 | D:4      | 1311 ||| Stepping randomly (stuck).
  1312 | D:4      | 1312 ||| Stepping randomly (stuck).
  1313 | D:4      | 1313 ||| Stepping randomly (stuck).
  1314 | D:4      | 1314 ||| Stepping randomly (stuck).
  1315 | D:4      | 1315 ||| Stepping randomly (stuck).
  1316 | D:4      | 1316 ||| Stepping randomly (stuck).
  1317 | D:4      | 1317 ||| Stepping randomly (stuck).
  1318 | D:4      | 1318 ||| Stepping randomly (stuck).
  1319 | D:4      | 1319 ||| Stepping randomly (stuck).
  1320 | D:4      | 1320 ||| Stepping randomly (stuck).
  1321 | D:4      | 1321 ||| Stepping randomly (stuck).
  1322 | D:4      | 1322 ||| Stepping randomly (stuck).
  1323 | D:4      | 1323 ||| Stepping randomly (stuck).
  1324 | D:4      | 1324 ||| Stepping randomly (stuck).
  1325 | D:4      | 1325 ||| Stepping randomly (stuck).
  1326 | D:4      | 1326 ||| Stepping randomly (stuck).
  1327 | D:4      | 1327 ||| Stepping randomly (stuck).
  1328 | D:4      | 1328 ||| Stepping randomly (stuck).
  1329 | D:4      | 1329 ||| Stepping randomly (stuck).
  1330 | D:4      | 1330 ||| Stepping randomly (stuck).
  1331 | D:4      | 1331 ||| Stepping randomly (stuck).
  1332 | D:4      | 1332 ||| Stepping randomly (stuck).
  1333 | D:4      | 1333 ||| Stepping randomly (stuck).
  1334 | D:4      | 1334 ||| Stepping randomly (stuck).
  1335 | D:4      | 1335 ||| Stepping randomly (stuck).
  1336 | D:4      | 1336 ||| Stepping randomly (stuck).
  1337 | D:4      | 1337 ||| Stepping randomly (stuck).
  1338 | D:4      | 1338 ||| Stepping randomly (stuck).
  1339 | D:4      | 1339 ||| Stepping randomly (stuck).
  1340 | D:4      | 1340 ||| Stepping randomly (stuck).
  1341 | D:4      | 1341 ||| Stepping randomly (stuck).
  1342 | D:4      | 1342 ||| Stepping randomly (stuck).
  1343 | D:4      | 1343 ||| Stepping randomly (stuck).
  1344 | D:4      | 1344 ||| Stepping randomly (stuck).
  1345 | D:4      | 1345 ||| Stepping randomly (stuck).
  1346 | D:4      | 1346 ||| Stepping randomly (stuck).
  1347 | D:4      | 1347 ||| Stepping randomly (stuck).
  1348 | D:4      | 1348 ||| Stepping randomly (stuck).
  1349 | D:4      | 1349 ||| Stepping randomly (stuck).
  1350 | D:4      | 1350 ||| Stepping randomly (stuck).
  1351 | D:4      | 1351 ||| Stepping randomly (stuck).
  1352 | D:4      | 1352 ||| Stepping randomly (stuck).
  1353 | D:4      | 1353 ||| Stepping randomly (stuck).
  1354 | D:4      | 1354 ||| Stepping randomly (stuck).
  1355 | D:4      | 1355 ||| Stepping randomly (stuck).
  1356 | D:4      | 1356 ||| Stepping randomly (stuck).
  1357 | D:4      | 1357 ||| Stepping randomly (stuck).
  1628 | D:2      | Reached skill level 5 in Ranged Weapons
  1804 | D:2      | Noticed Natasha
  1811 | D:2      | Killed Natasha
  1812 | D:2      | Reached XP level 5. HP: 37/44 MP: 5/5
  1812 | D:2      | 1812 ||| FLEEEEING.
  1813 | D:2      | 1813 ||| FLEEEEING.
  1814 | D:2      | 1814 ||| FLEEEEING.
  1815 | D:2      | 1815 ||| FLEEEEING.
  1816 | D:2      | 1816 ||| FLEEEEING.
  1817 | D:2      | 1817 ||| FLEEEEING.
  1818 | D:2      | 1818 ||| FLEEEEING.
  1819 | D:2      | 1819 ||| FLEEEEING.
  1994 | D:2      | Noticed Natasha
  1997 | D:2      | Killed Natasha
  1998 | D:2      | Reached skill level 3 in Fighting
  2209 | D:3      | Noticed Ijyb
  2217 | D:3      | HP: 7/45 [goblin/+0 dagger of electrocution (17)]
  2217 | D:3      | Slain by Ijyb

Levels and vault maps discovered:
D:1:      amcnicky_arrival_choice, layout_basic, minmay_indecisive_spiral
D:2:      layout_basic, uniq_natasha
D:3:      kennysheep_the_goblin_king, layout_basic, zin_purify,
          serial_corexii_hall, corexii_hall_statues_u, corexii_hall_statues_s,
          serial_shops, nicolae_shop_tiny_real_fake_doors,
          shapermc_ecumenical_altar_mp_urbaneastern, minmay_box_of_dots
D:4:      layout_basic

Skill      XL: |  1  2  3  4  5 |
---------------+----------------+-----
Ranged Weapons | 3 4 5 |  5.1
Fighting       | 2 3 |  3.4
Armour         | 1 |  1.2
Dodging        | |  2.1
Spellcasting   | |  1.0
Hexes          | |  2.0

Action                     |  1- 3 |  4- 6 || total
---------------------------+-------+-------++-------
   Fire: Sling             |   100 |    79 ||   179
    Use: Scroll            |     6 |     3 ||     9
 Armour: Robe              |     3 |       ||     3
         Ring mail         |     8 |    11 ||    19
  Dodge: Dodged            |    47 |    18 ||    65

Table legend:
 A = Non-vault XP
 B = Vault XP
 C = Vault XP percentage of total XP
 D = Non-vault monster count
 E = Vault monster count
 F = Vault count percentage of total count
                 A         B        C        D         E       F
            +---------+---------+-------+---------+---------+-------
      Total |     204 |      52 |  20.3 |      54 |       9 |  14.3
            +---------+---------+-------+---------+---------+-------
        D:1 |      16 |       8 |  33.3 |      10 |       4 |  28.6
        D:2 |      96 |      36 |  27.3 |      22 |       1 |   4.3
        D:3 |      41 |       8 |  16.3 |      12 |       4 |  25.0
        D:4 |      51 |       0 |   0.0 |      10 |       0 |   0.0
            +---------+---------+-------+---------+---------+-------
